 Dungeon Crawl Stone Soup version 0.26-a0-1086-g9010512d90 (webtiles) character file.

Game seed: 1126019747111689173

4445 marklar909 the Grappler (level 10, -2/92 HPs)
             Began as a Troll Hunter on Dec 14, 2020.
             Was a Priest of Okawaru.
             Blown up by Maurice (32 damage)
             ... with a disintegration bolt
             ... on level 9 of the Dungeon on Dec 15, 2020.
             The game lasted 00:20:26 (7054 turns).

marklar909 the Grappler (Troll Hunter)              Turns: 7054, Time: 00:20:27

Health: -2/92      AC:  6    Str: 22    XL:     10   Next: 15%
Magic:  12/12      EV: 12    Int:  7    God:    Okawaru [***...]
Gold:   102        SH:  0    Dex: 13    Spells: 9/9 levels left

rFire    . . .     SeeInvis .     - Unarmed
rCold    + . .     Faith    .   (no shield)
rNeg     . . .     Spirit   .   b - +0 robe
rPois    +         Reflect  .   q - +0 hat
rElec    .         Harm     .   (no cloak)
rCorr    .         Rampage  .   (gloves unavailable)
Will     .....                  (boots unavailable)
Stlth    ++........             (no amulet)
HPRegen  0.65/turn              l - ring of poison resistance
MPRegen  0.13/turn              A - ring of protection from cold

@: no status effects
A: large, unfitting armour, claws 3, regeneration 1, shaggy fur 1, tough skin 3
a: Heroism, Renounce Religion


You were on level 9 of the Dungeon.
You worshipped Okawaru.
Okawaru was most pleased with you.
You visited 2 branches of the dungeon, and saw 10 of its levels.

You collected 363 gold pieces.
You spent 261 gold pieces at shops.

Inventory:

Missiles
 c - 12 large rocks
 d - 2 throwing nets
 r - 42 poisoned darts
 E - 3 curare-tipped darts (quivered)
Armour
 b - a +0 robe (worn)
 q - a +0 hat (worn)
Jewellery
 l - a ring of poison resistance (left claw)
 y - an uncursed ring of flight
 A - a ring of protection from cold (right claw)
Wands
 n - a wand of acid (7)
 s - a wand of enslavement (15)
Scrolls
 e - a scroll of teleportation
 f - 3 scrolls of enchant armour
 i - 5 scrolls of identify
 k - 5 scrolls of remove curse
 m - a scroll of magic mapping {unknown}
 p - a scroll of blinking
 v - 2 scrolls of amnesia
 x - a scroll of enchant weapon {unknown}
 B - a scroll of fog
 D - a scroll of noise {unknown}
 F - 3 scrolls of random uselessness {unknown}
 H - a scroll of silence {unknown}
Potions
 a - a potion of lignification
 h - 2 potions of brilliance
 j - 9 potions of curing
 o - a potion of mutation {unknown}
 t - a potion of degeneration {unknown}
 u - a potion of haste
 w - a potion of might {unknown}
 z - 2 potions of flight {unknown}


   Skills:
 + Level 4.0 Fighting
 + Level 7.5 Throwing
 * Level 5.4 Dodging
 + Level 1.7 Stealth
 + Level 8.7 Unarmed Combat
 * Level 4.2 Invocations
 + Level 0.1 Evocations


You had 9 spell levels left.
You didn't know any spells.
Your spell library contained the following spells:

 Spells                   Type           Power        Failure   Level
 Animate Skeleton         Necr           #.....       43%         1
 Apportation              Tloc           #.....       43%         1
 Corona                   Hex            #......      43%         1
 Summon Small Mammal      Summ           #...         43%         1
 Mephitic Cloud           Conj/Pois/Air  #.......     80%         3
 Spider Form              Tmut/Pois      #.........   80%         3


Dungeon Overview and Level Annotations

Branches:
Dungeon (9/15)             Temple (1/1) D:5            Lair (0/6) D:8
    Orc: D:9-12

Altars:
Ashenzari
Cheibriados
Dithmenos
Elyvilon
Fedhas
Gozag
Hepliaklqana
Kikubaaqudgha
Makhleb
Nemelex Xobeh
Okawaru
Qazlal
Ru
Trog
Uskayaw
Vehumet
Wu Jian
Xom
Yredelemnul
Zin
The Shining One

Shops:
D:8 [*

Annotations:
D:8 exclusion: statue
D:9 Maurice


Innate Abilities, Weirdness & Mutations

You are too large for most types of armour.
You have claws for hands.
Your natural rate of healing is unusually fast.
You are covered in fur. (AC +1)
You have extremely tough skin. (AC +3)


Message History

Maurice puts on an uncursed ring of wizardry.
Unknown command.
Evoke which item? (* to show all) (? for menu, Esc to quit)
Aiming: Corrosive Bolt
Press: ? - help, Shift-Dir - straight line, f/p - Maurice
Aim: Maurice, wielding a +1 dagger of venom, wearing a +2 cloak of poison resistance, wearing an uncursed ring of wizardry, quivering 21 arrows and carrying a wand of disintegration (9) (heavily wounded, fast, covering ground quickly, 40% to evade)
The bolt of acid misses Maurice.
Maurice hits you with a +1 dagger of venom.
Maurice steals your shiny kite shield!
Maurice wears a shiny kite shield.
Unknown command.
Evoke which item? (* to show all) (? for menu, Esc to quit)
Aiming: Corrosive Bolt
Press: ? - help, Shift-Dir - straight line, f/p - Maurice
Aim: Maurice, wielding a +1 dagger of venom, wearing a +2 cloak of poison resistance, wearing a +2 kite shield, wearing an uncursed ring of wizardry, quivering 21 arrows and carrying a wand of disintegration (9) (heavily wounded, fast, covering ground quickly, 36% to evade)
The bolt of acid hits Maurice!
Maurice is splashed with acid.
The acid corrodes Maurice!
Maurice is almost dead.
Maurice drinks a potion.
Maurice is healed!
Maurice zaps a wand.
You are blasted!
You die...

#........# # ####+##### #
# ######### ###+#########
#.....(.# #......#...>.
###@#..+......#.#### #
#...@.##......'.#
#.#######.######......###
#...........# #......#
####.######## #####'##
#.#### #.### #....# #...#
####.# ###.# ####.##
######'##


You could see Maurice (fast, swift, corroded).

Vanquished Creatures
  A two-headed ogre (D:8)
  A cyclops (D:8)
  3 centaur skeletons
  A troll (D:9)
  Sigmund (D:3)
  2 wargs (D:8)
  3 orc warriors
  A phantom (D:6)
  2 sky beasts (D:7)
  An ogre (D:6)
  A necrophage (D:7)
  5 centaurs
  A big kobold (D:6)
  A water moccasin skeleton (D:6)
  3 scorpions
  3 howler monkeys
  A jelly (D:7)
  4 hounds
  3 orc priests
  9 orc wizards
  A bullfrog skeleton (D:5)
  An iguana (D:5)
  Terence (D:1)
  2 worker ants
  A killer bee zombie (D:5)
  A hound skeleton (D:4)
  A worker ant zombie (D:6)
  Robin (D:2)
  7 gnolls
  4 river rats (D:7)
  8 adders
  A shadow imp (D:5)
  An ufetubus (D:7)
  An ooze (D:2)
  An adder skeleton (D:7)
  4 worms
  A dart slug (D:1)
  5 leopard geckos
  29 orcs
  3 bat zombies (D:7)
  5 giant cockroaches
  13 goblins
  7 hobgoblins
  3 jackals (D:7)
  2 quokkas
  2 ball pythons
  A ball python skeleton (D:6)
  10 bats
  6 frilled lizards
  8 kobolds
  A quokka skeleton (D:6)
  A quokka zombie (D:5)
  12 rats
  A rat zombie (D:7)
193 creatures vanquished.

Vanquished Creatures (others)
  23 plants (D:7)
23 creatures vanquished.

Grand Total: 216 creatures vanquished

Notes
Turn   | Place    | Note
-------+----------+-------------------------------------------
     0 | D:1      | marklar909 the Troll Hunter began the quest for the Orb.
     0 | D:1      | Reached XP level 1. HP: 19/19 MP: 0/0
   200 | D:1      | Reached XP level 2. HP: 28/28 MP: 1/1
   542 | D:2      | Reached skill level 1 in Unarmed Combat
   542 | D:2      | Reached XP level 3. HP: 27/35 MP: 2/2
   707 | D:2      | Found a stormy altar of Qazlal.
   852 | D:2      | Reached XP level 4. HP: 40/42 MP: 3/3
   861 | D:2      | Noticed Robin
   862 | D:2      | Noticed Terence
   985 | D:1      | Killed Terence
  1001 | D:2      | Killed Robin
  1301 | D:3      | Reached skill level 2 in Unarmed Combat
  1352 | D:3      | Reached XP level 5. HP: 50/50 MP: 4/4
  1611 | D:3      | Found an iron altar of Okawaru.
  1613 | D:3      | Found a shimmering altar of Xom.
  1613 | D:3      | Found a glowing silver altar of Zin.
  1615 | D:3      | Found a shimmering altar of Xom.
  1615 | D:3      | Found a shimmering altar of Xom.
  1615 | D:3      | Found a basalt altar of Yredelemnul.
  1655 | D:3      | Found a sacrificial altar of Ru.
  1848 | D:3      | Noticed Sigmund
  1914 | D:4      | Noticed a centaur
  1937 | D:3      | Killed Sigmund
  1938 | D:3      | Reached skill level 3 in Unarmed Combat
  1938 | D:3      | Reached XP level 6. HP: 37/61 MP: 5/5
  2440 | D:4      | Reached skill level 4 in Unarmed Combat
  2440 | D:4      | Reached XP level 7. HP: 67/67 MP: 6/6
  2921 | D:5      | Entered Level 5 of the Dungeon
  3095 | D:5      | Found a staircase to the Ecumenical Temple.
  3160 | Temple   | Entered the Ecumenical Temple
  3235 | Temple   | Became a worshipper of Warmaster Okawaru
  3366 | D:5      | Found a hide-covered altar of Uskayaw.
  3374 | D:5      | Identified the Compendium of the Manifold Defenders
  3715 | D:5      | Reached skill level 5 in Unarmed Combat
  3869 | D:6      | Reached skill level 1 in Stealth
  3944 | D:6      | Reached skill level 1 in Invocations
  3979 | D:6      | Reached XP level 8. HP: 61/76 MP: 7/7
  4142 | D:6      | Reached * piety under Okawaru
  4143 | D:6      | Reached skill level 5 in Throwing
  4431 | D:6      | Reached skill level 6 in Unarmed Combat
  4758 | D:7      | Reached ** piety under Okawaru
  4759 | D:7      | Reached skill level 7 in Unarmed Combat
  4907 | D:7      | Reached XP level 9. HP: 78/84 MP: 9/9
  4921 | D:7      | Found Zin's Purification Station.
  4922 | D:7      | Found a glowing silver altar of Zin.
  4927 | D:7      | Bought a potion of curing for 90 gold pieces
  5001 | D:7      | Found an ancient bone altar of Kikubaaqudgha.
  5714 | D:8      | Noticed a two-headed ogre
  5768 | D:8      | Killed a two-headed ogre
  5768 | D:8      | Reached *** piety under Okawaru
  5769 | D:8      | Reached skill level 8 in Unarmed Combat
  5904 | D:8      | Reached skill level 5 in Dodging
  5949 | D:8      | Found a radiant altar of Vehumet.
  5953 | D:8      | Found Arux's Antique Armour Shoppe.
  5956 | D:8      | Noticed a cyclops
  5984 | D:8      | Killed a cyclops
  6054 | D:8      | Found Olotz's Assorted Antiques.
  6057 | D:8      | Bought a bubbling clear potion for 25 gold pieces
  6057 | D:8      | Bought a fizzy inky potion for 25 gold pieces
  6057 | D:8      | Bought a blue potion for 25 gold pieces
  6239 | D:8      | Bought a hat for 96 gold pieces
  6257 | D:8      | Found a hazy altar of Hepliaklqana.
  6280 | D:8      | Found a staircase to the Lair.
  6314 | D:8      | Received a gift from Okawaru
  6322 | D:8      | Reached XP level 10. HP: 40/92 MP: 10/12
  6694 | D:9      | Noticed Maurice
  7054 | D:9      | Blown up by Maurice

Illustrated notes

Levels and vault maps discovered:
D:1:      zaba_arrival_water, layout_rooms, hex_tiny, minmay_misc_feat_doors
D:2:      layout_basic, lemuel_doored_altar, uniq_terence, uniq_robin
D:3:      layout_basic, doesnt_xom_only_xom, old_standard_altar, uniq_sigmund
D:4:      layout_basic
D:5:      layout_loops_corners, overflow_temple_1_default, temple_pool_b
D:6:      layout_rooms, sigmund_army
D:7:      wad_woods_tower, layout_basic, lemuel_zombie_altar_kikubaaqudgha,
          zin_purify
D:8:      layout_gridville, overflow_temple_1_default, vehumet_statue,
          erik_lair_orcish_takeover, serial_shops, nicolae_shop_window_shopping,
          shop
D:9:      layout_roguey, lemuel_crystal_altar, ebering_ghost_funeral_grove,
          uniq_maurice, uniq_pikel
Temple:   dshaligram_water_room_temple

Skill      XL: |  1  2  3  4  5  6  7  8  9 |
---------------+----------------------------+-----
Throwing       | 4 6 7 |  7.5
Fighting       | 2 3 4 |  4.0
Unarmed Combat | 1 2 3 4 5 7 8 |  8.7
Dodging        | 2 3 4 5 |  5.4
Stealth        | 1 |  1.7
Invocations    | 1 2 4 |  4.2
Evocations     | |  0.1

Action                   |  1- 3 |  4- 6 |  7- 9 | 10-12 || total
-------------------------+-------+-------+-------+-------++-------
Melee: Unarmed           |   148 |    98 |   279 |    22 ||   547
       Punch             |     1 |     1 |    11 |       ||    13
Throw: Large rock        |       |    10 |       |     2 ||    12
       Dart              |       |    12 |   143 |    32 ||   187
Invok: Heroism           |       |       |     2 |       ||     2
Evoke: Wand              |       |     2 |     2 |     4 ||     8
  Use: Potion            |       |     1 |     2 |       ||     3
       Scroll            |       |       |    11 |       ||    11
 Stab: Sleeping          |       |     1 |     3 |       ||     4
Armor: Robe              |    63 |    42 |    69 |     7 ||   181
Dodge: Dodged            |    76 |    57 |   171 |    13 ||   317

Table legend: (Time is in decaauts)
 A = Elapsed time spent in this place.
 B = Non-inter-level travel time spent in this place.
 C = Inter-level travel time spent in this place.
 D = Time resting spent in this place.
 E = Time spent auto-exploring this place.
 F = Levels seen in this place.
 G = Mean time per level.
                   A        B        C        D        E       F      G
               +--------+--------+--------+--------+--------+-----+--------+
         Total |   6993 |   6647 |    346 |    496 |   4557 |  10 |  699.3 |
       Dungeon |   6897 |   6571 |    326 |    496 |   4488 |   9 |  766.3 |
        Temple |     95 |     75 |     20 |      0 |     69 |   1 |   95.0 |
               +--------+--------+--------+--------+--------+-----+--------+

Top non-repeatable levels by time:
     D:3: 1105 daAuts
     D:8: 964 daAuts
     D:7: 928 daAuts
     D:5: 896 daAuts
     D:6: 771 daAuts
     D:2: 660 daAuts
     D:4: 614 daAuts
     D:1: 547 daAuts
     D:9: 409 daAuts
  Temple: 95 daAuts
